 Dungeon Crawl Stone Soup version 0.30.1-9-gdf580d7c3d (webtiles) character file.

Game seed: 18311004959059495268

95 booth the Trooper (level 4, -6/40 HPs)
             Began as a Draconian Monk on Oct 14, 2023.
             Mangled by Sigmund
             ... wielding a +2 scythe of venom
              (8 damage)
             ... on level 3 of the Dungeon.
             The game lasted 00:09:38 (1844 turns).

booth the Trooper (Draconian Monk)                  Turns: 1844, Time: 00:09:39

Health: -6/40      AC:  5    Str: 15    XL:     4   Next: 39%
Magic:  4/4        EV: 13    Int: 10    God:
Gold:   95         SH:  0    Dex: 14    Spells: 3/3 levels left

rFire   + . .        a - +0 hand axe
rCold   + . .        c - orb {light}
rNeg    . . .        (body armour unavailable)
rPois   +            (helmet restricted)
rElec   +            (no cloak)
rCorr   +            (no gloves)
SInv    .            (no boots)
Will    .....        (no amulet)
Stlth   +            (no ring)
HPRegen 0.26/turn    (no ring)
MPRegen 0.09/turn

%: no passive effects
@: lethally poisoned (-6 -> -12), resistant, flying, glowing
A: AC +5, unfitting armour, cold-blooded
a: no special abilities


You were on level 3 of the Dungeon.
You visited 1 branch of the dungeon, and saw 3 of its levels.

You collected 121 gold pieces.
You spent 26 gold pieces at shops.

Inventory:

Hand Weapons
 a - a +0 hand axe (weapon)
Armour
 c - an orb of light (worn)
Jewellery
 f - an amulet of faith
Potions
 b - a potion of ambrosia
 d - a potion of invisibility
 g - a potion of attraction
 j - a potion of magic


   Skills:
 + Level 4.0 Fighting
 * Level 4.0 Axes
 + Level 1.1 Throwing
 + Level 3.3 Dodging


You had 3 spell levels left.
You didn't know any spells.
Your spell library contained the following spells:

 Spells                   Type           Power      Damage    Failure   Level
 Summon Small Mammal      Summ           0%         N/A       36%         1
 Call Canine Familiar     Summ           0%         N/A       75%         3
 Summon Guardian Golem    Hex/Summ       0%         N/A       75%         3


Dungeon Overview and Level Annotations

Branches:
Dungeon (3/15)

Altars:

Shops:
D:1 ?

Annotations:
D:3 Sigmund


Innate Abilities, Weirdness & Mutations

Your plain brown scales are hard. (AC +5)
You cannot fit into any form of body armour.
You are cold-blooded and may be slowed by cold attacks.


Message History

You hit Sigmund.
Sigmund is lightly wounded.
You feel very sick. Sigmund barely misses you.
You hit Sigmund.
Sigmund is moderately wounded.
You feel very sick.
Sigmund hits you with a +2 scythe of venom.
You are more poisoned.
You hit Sigmund.
Sigmund is heavily wounded.
You feel very sick.
You hit Sigmund.
Sigmund is heavily wounded.
You feel sick.
Sigmund hits you with a +2 scythe of venom.
You are lethally poisoned!
You hit Sigmund.
Your tail-slap misses Sigmund.
Sigmund is severely wounded.
* * * LOW HITPOINT WARNING * * *
You feel very sick. Sigmund closely misses you.
It was a potion of resistance.
You feel protected.
* * * LOW HITPOINT WARNING * * *
You feel very sick.
You slash Sigmund! You tail-slap Sigmund.
Sigmund is almost dead.
* * * LOW HITPOINT WARNING * * *
You feel very sick.
Sigmund points at you and mumbles some strange words.
The puff of flame hits you. You resist.
* * * LOW HITPOINT WARNING * * *
As you read the scroll labelled ZOYPSOUCUUM, it crumbles to dust.
Wisps of shadow whirl around you...
It was a scroll of summoning.
* * * LOW HITPOINT WARNING * * *
You feel sick. Sigmund closely misses you. Sigmund attacks as you move away!
Sigmund hits you with a +2 scythe of venom!
You die...

.......#.#
.......#.#
.......+.#
.......#.# # # .
.........#.#.#..
......r..#.....#
#...l†l.......
#....<@@......
#....g?.(.....
##.###.#...... #
.........
####..... .....
##.. ..


You could see Sigmund (invisible, ally target), a friendly quokka (summoned), a
friendly goblin (summoned) and 2 friendly frilled lizards.

Vanquished Creatures
  Terence (D:3)
  2 adders
  2 dart slugs
  4 bats
  7 endoplasms
  2 giant cockroaches (D:1)
  4 goblins
  6 hobgoblins
  2 quokkas (D:1)
  4 ball pythons
  3 frilled lizards
  3 kobolds
  5 rats
45 creatures vanquished.

Notes
Turn   | Place    | Note
-------+----------+-------------------------------------------
     0 | D:1      | booth the Draconian Monk began the quest for the Orb.
     0 | D:1      | Reached XP level 1. HP: 19/19 MP: 1/1
   264 | D:1      | Reached XP level 2. HP: 19/26 MP: 2/2
   705 | D:1      | Reached XP level 3. HP: 33/33 MP: 3/3
   781 | D:1      | Found Cynoduf's Magic Scroll Shop.
   961 | D:1      | Bought a scroll of identify for 26 gold pieces
  1693 | D:3      | Noticed Terence
  1707 | D:3      | Reached XP level 4. HP: 27/40 MP: 4/4
  1719 | D:3      | Killed Terence
  1720 | D:3      | Reached skill level 1 in Throwing
  1732 | D:3      | Noticed Sigmund
  1843 | D:3      | HP: 2/40 [poisoned by Sigmund]
  1844 | D:3      | Mangled by Sigmund

Illustrated notes

Levels and vault maps discovered:
D:1:      nagdon_arrival_double_spiral, layout_basic, serial_shops,
          nicolae_shop_peninsula
D:2:      layout_basic
D:3:      layout_basic, uniq_crazy_yiuf_cottage, uniq_jessica, uniq_sigmund,
          uniq_terence

Skill      XL: |  1  2  3  4 |
---------------+-------------+-----
Dodging        | 3 |  3.3
Fighting       | 4 |  4.0
Axes           | 4 |  4.0
Throwing       | 1 |  1.1

Action                     |  1- 3 |  4- 6 || total
---------------------------+-------+-------++-------
  Melee: Hand axe          |    97 |    20 ||   117
         Tailslap          |    16 |     4 ||    20
  Throw: Dart              |     2 |       ||     2
    Use: Scroll            |     3 |     1 ||     4
         Potion            |     1 |     4 ||     5
 Armour: Skin              |    30 |     2 ||    32
  Dodge: Dodged            |    50 |    11 ||    61
